 Dungeon Crawl Stone Soup version 0.30-b1-2-g02819fbbbe (webtiles) character file.

Game seed: 13302896075266571012

28 Fartwhistle the Changer (level 3, 0/23 HPs)
             Began as an Octopode Transmuter on June 8, 2023.
             Slain by a jackal (2 damage)
             ... on level 1 of the Dungeon.
             The game lasted 00:03:07 (956 turns).

Fartwhistle the Changer (Octopode Transmuter)        Turns: 956, Time: 00:03:07

Health: 0/23       AC:  2    Str:  9    XL:     3   Next: 12%
Magic:  4/6        EV: 19    Int: 17    God:
Gold:   53         SH:  5    Dex: 17    Spells: 0/6 levels left

rFire   . .          .
                       - Unarmed
rCold   . . .        g - melded +0 buckler
rNeg    . . .        (helmet currently unavailable)
rPois   x            b - amulet of reflection
rElec   .            (no ring)
rCorr   .            (no ring)
SInv    .            (no ring)
Will    .....        (no ring)
Stlth   ++           (no ring)
HPRegen 0.23/turn    (no ring)
MPRegen 0.10/turn    (no ring)
                     (no ring)

%: reflection
@: spider-form (expiring)
A: venomous fangs, almost no armour, (amphibious), 8 rings, tiny, (camouflage
1), (gelatinous body 1), (nimble swimmer 1), (tentacles)
a: End Transformation


You were on level 1 of the Dungeon.
You were a venomous arachnid creature.
You visited 1 branch of the dungeon, and saw 2 of its levels.

You collected 53 gold pieces.

Inventory:

Missiles
 e - 5 poisoned darts
Armour
 g - a +0 buckler (melded)
Jewellery
 b - an amulet of reflection (around neck)
Scrolls
 a - a scroll of immolation {unknown}
 c - a scroll of blinking {unknown}
 d - a scroll of identify {unknown}


   Skills:
 - Level 1.0 Fighting
 - Level 2.0 Dodging
 + Level 0.0 Shields
 - Level 3.0 Unarmed Combat
 + Level 2.4 Spellcasting
 * Level 3.1 Transmutations
 + Level 0.2 Poison Magic


You couldn't memorise any spells.
You knew the following spells:

 Your Spells              Type           Power      Damage    Failure   Level
a - Beastly Appendage     Tmut           24%        N/A       16%         1
b - Wereblood             Tmut           12%        N/A       21%         2
c - Spider Form           Tmut/Pois      7%         N/A       50%         3

Your spell library contained the following spells:

 Spells                   Type           Power      Damage    Failure   Level
 Necrotise                Necr           8%         1d4       38%         1
 Vampiric Draining        Necr           2%         2d6       71%         3
 Ice Form                 Ice/Tmut       7%         N/A       86%         4
 Agony                    Necr           2%         N/A       100%        5


Dungeon Overview and Level Annotations

Branches:
Dungeon (2/15)

Altars:


Innate Abilities, Weirdness & Mutations

You are a venomous arachnid creature.
You have venomous fangs.
You are tiny and dextrous.
Your spellcasting is less reliable in this form.
Your armour is entirely melded.
You are incapable of wielding weapons or throwing items.
You cannot wear most types of armour.
((You are amphibious.))
You can wear up to eight rings at the same time.
((Your skin changes colour to match your surroundings (Stealth+).))
((Your rubbery body absorbs attacks. (AC +1, EV +1)))
((You are camouflaged when in or above water. (Stealth+)))
((You have tentacles for arms and can constrict up to eight enemies at once.))


Message History

The bat closely misses you. The jackal barely misses you.
The jackal attacks as you move away! The jackal barely misses you.
The bat barely misses you. You block the jackal's attack.
The jackal closely misses you. The bat hits you.
* * * LOW HITPOINT WARNING * * *
You block the bat's attack.
Cast which spell? (? or * to list)
The spell is astonishingly dangerous to miscast (41% risk of failure)!
Continue anyway?
You turn into a venomous arachnid creature.
Your +0 buckler melds into your body.
The bat completely misses you. The bat barely misses you.
You hit the jackal.
The jackal is moderately wounded.
The bat closely misses you.
The jackal bites you but does no damage.
The endoplasm misses you. You block the jackal's attack. The jackal misses you.
Your transformation is almost over.
The bat barely misses you. The jackal barely misses you. The jackal misses you.
You hit the jackal but do no damage.
The jackal is moderately wounded.
The bat closely misses you. The jackal completely misses you.
The jackal bites you.
* * * LOW HITPOINT WARNING * * *
You block the jackal's attack.
You hit the jackal.
The jackal is poisoned.
The jackal is moderately wounded.
The jackal misses you. The jackal barely misses you.
The jackal attacks as you move away! The jackal bites you.
* * * LOW HITPOINT WARNING * * *
The jackal barely misses you.
You barely miss the jackal.
The jackal is moderately wounded.
The jackal misses you. The jackal bites you.
* * * LOW HITPOINT WARNING * * *
You block the jackal's attack. The jackal attacks as you move away!
The jackal completely misses you. The jackal misses you.
The jackal attacks as you move away! The jackal bites you.
You die...

#####.....#.#############
#.#......÷.............##
#.#.##.................##
#.#.....#..............##
#.......#.....b..>.....##
#.#..##.#..#...........##
#.##....#Jb#.b.........#
##.###...hh.#...........#
#........s.##.÷.........#
######.######...........#
#÷# #...........#
#.##################
#......#######
#............#
#............######
#.................###
#.................##.


You could see an endoplasm, 2 jackals and a bat.

Vanquished Creatures
  A dart slug (D:1)
  2 endoplasms (D:1)
  A goblin (D:1)
  A hobgoblin (D:1)
  4 jackals (D:1)
  4 quokkas
  2 ball pythons (D:1)
  A bat (D:1)
  A frilled lizard (D:1)
  3 kobolds (D:1)
  3 rats (D:1)
23 creatures vanquished.

Notes
Turn   | Place    | Note
-------+----------+-------------------------------------------
     0 | D:1      | Fartwhistle the Octopode Transmuter began the quest for the
                  | Orb.
     0 | D:1      | Reached XP level 1. HP: 13/13 MP: 3/3
    37 | D:1      | Found a faded altar of an unknown god.
   150 | D:1      | Reached XP level 2. HP: 5/18 MP: 3/5
   806 | D:1      | Reached XP level 3. HP: 23/23 MP: 6/6
   810 | D:1      | Learned a level 2 spell: Wereblood
   814 | D:1      | Learned a level 3 spell: Spider Form
   956 | D:1      | Slain by a jackal

Illustrated notes

Levels and vault maps discovered:
D:1:      dpeg_arrival_erosion, layout_basic,
          hellmonk_ecumenical_altar_slurped_away, roderic_roman_lattice
D:2:      layout_rooms, minmay_pentomino_u4, uniq_crazy_yiuf_cottage

Skill      XL: |  1  2 |
---------------+-------+-----
Transmutations | 3 |  3.1
Fighting       | |  1.0
Dodging        | |  2.0
Unarmed Combat | |  3.0
Spellcasting   | |  2.4
Poison Magic   | |  0.2

Action                     || total
---------------------------++-------
  Melee: Unarmed           ||    65
         Constrict         ||    18
         Tentacles         ||    11
         Kick              ||     1
         Punch             ||     1
   Cast: Beastly Appendage ||     1
         Spider Form       ||     1
    Use: Potion            ||     2
   Stab: Sleeping          ||     4
 Armour: Skin              ||    15
  Dodge: Dodged            ||    66
  Block: Other             ||     7
         Buckler           ||    12
